Map: Terrasses de Prion

Players

Makos

  • Race: Terran Terran
  • League: Bronze
  • Spawn Location: 11:00

zidar - Winner!

  • Race: Zerg Zerg
  • League: Silver
  • Spawn Location: 5:00

VOD

Have the link to the VOD?

Description

Time

  • Played on: Jan. 22, 2016, 2:31 p.m.
  • Length: 12:16
Show
View Real Time Build Order
Export as new Build Order

Makos Terran 

Build Orders:  

Get SALT Encoding   

  12  0:01  SCV  
  13  0:13  SCV  
  14  0:20  Supply Depot  
  14  0:25  SCV  
  15  0:42  SCV  
  16  0:52  Barracks  
  16  0:54  SCV  
  17  0:58  Refinery  
  17  1:06  SCV  
  18  1:16  Engineering Bay  
  18  1:18  SCV  
  19  1:39  Orbital Command  
  19  1:40  Marine  
  19  1:42  Supply Depot  
  20  1:57  Marine  
  21  2:15  Marine, SCV  
  23  2:24  Command Center  
  23  2:27  SCV  
  24  2:37  Factory  
  24  2:38  Marine  
  25  2:48  Refinery, SCV  
  26  3:00  Marine, SCV, Supply Depot  
  28  3:09  Barracks  
  28  3:12  SCV  
  29  3:24  Factory Reactor  
  29  3:26  SCV  
  30  3:41  Bunker  
  30  3:42  Orbital Command  
  30  3:43  SCV  
  31  3:51  Barracks Tech Lab  
  32  3:55  SCV  
  32  4:00  Barracks Tech Lab  
  32  4:02  Hellion x2  
  36  4:07  SCV  
  37  4:20  Supply Depot, Orbital Command  
  37  4:28  Hellion x2  
  37  4:31  Marine, Marauder  
  43  4:38  Supply Depot  
  44  4:41  SCV  
  45  4:46  Supply Depot  
  45  4:49  SCV  
  48  4:53  SCV  
  48  4:57  Widow Mine  
  49  5:06  Marine, Marauder  
  45  5:24  Marine  
  45  5:27  Marine  
  39  5:39  Hellion  
  39  5:40  Hellion  
  39  5:42  Marauder  
  43  5:45  Marauder  
  38  6:03  Marine  
  37  6:06  Marine  
  35  6:21  Marauder  
  35  6:22  Hellion x2  
  35  6:24  Marine, Orbital Command  
  42  6:35  SCV  
  43  6:42  Marine  
  43  6:43  Marauder  
  43  6:44  Hellion  
  48  6:48  SCV, Starport  
  49  7:02  SCV x2  
  51  7:10  Marine, Marauder  
  51  7:13  Combat Shield, Stimpack  
  51  7:14  SCV x2  
  56  7:20  Barracks  
  56  7:24  Refinery  
  56  7:25  Refinery  
  56  7:28  Marine  
  51  7:40  Marauder  
  51  7:43  Medivac  
  49  7:46  Marine  
  49  7:49  Widow Mine  
  45  7:57  SCV x2  
  47  8:01  Marine  
  48  8:09  SCV x2  
  50  8:13  Medivac  
  50  8:15  Marine, Marauder  
  50  8:19  Marine  
  58  8:29  SCV x2  
  58  8:31  Widow Mine  
  58  8:33  Marine  
  61  8:37  Marauder x2  
  65  8:56  Supply Depot  
  65  9:00  Barracks Tech Lab  
  63  9:18  Marine, Marauder  
  59  9:25  Marauder  
  57  9:34  SCV  
  57  9:35  SCV  
  57  9:36  Marauder  
  61  9:40  Marauder  
  61  9:42  Barracks  
  59  9:46  Marauder  
  59  9:48  Factory Tech Lab  
  59  9:50  Medivac x2  
  65  9:53  SCV x2  
  65  9:57  Marine  
  68  10:00  Engineering Bay  
  68  10:01  Marine, Concussive Shells  
  68  10:02  Engineering Bay  
  68  10:06  SCV  
  70  10:11  Supply Depot  
  70  10:13  SCV  
  67  10:16  Marauder  
  67  10:18  Marine, Marauder  
  59  10:36  Marine  
  59  10:39  Marauder x2  
  53  10:54  Marine  
  53  10:55  Marauder  
  48  11:00  Marauder  
  48  11:01  Marauder  
  52  11:09  Barracks  
  50  11:12  Marine  
  50  11:15  Marine  
  50  11:16  Orbital Command  
  45  11:21  Marine  
  45  11:22  Marauder  
  44  11:26  SCV  
  44  11:29  Marine  
  46  11:34  Marauder  
  50  11:40  Marauder  
  50  11:43  Marine  
  44  11:47  Marine  
  38  12:10  Command Center  
Show
View Real Time Build Order
Export as new Build Order

zidar Zerg - Winner!

Build Orders: Pool First 

Get SALT Encoding   

  12  0:02  Drone  
  13  0:12  Overlord  
  13  0:17  Drone  
  14  0:30  Drone x2  
  16  0:36  Drone  
  17  0:48  Spawning Pool  
  16  0:51  Drone  
  17  1:31  Extractor  
  16  1:37  Queen  
  16  1:39  Zergling x6  
  21  1:44  Hatchery  
  20  2:01  Roach Warren  
  18  2:34  Extractor  
  18  2:35  Drone x3  
  20  2:50  Roach  
  22  2:53  Overlord x2  
  22  3:15  Roach x4  
  30  3:25  Drone  
  31  3:33  Queen  
  33  3:44  Roach  
  33  3:45  Roach  
  37  4:02  Roach x2  
  41  4:14  Ravager x3  
  44  4:30  Overlord  
  44  4:31  Overlord  
  44  4:48  Drone  
  44  4:49  Drone x5  
  50  4:55  Ravager  
  51  5:00  Lair  
  34  6:15  Overseer  
  34  6:20  Roach x12  
  50  6:41  Roach  
  50  6:42  Roach  
  50  6:44  Ravager x3  
  57  6:49  Drone x2  
  60  7:01  Ravager  
  42  7:54  Roach  
  42  7:55  Roach x8  
  56  8:21  Roach x2  
  56  8:24  Overlord  
  56  8:25  Overlord  
  60  8:38  Hatchery  
  59  8:45  Glial Reconstitution  
  59  8:51  Spire  
  59  8:55  Extractor  
  57  8:57  Extractor  
  57  8:58  Zergling x22  
  57  8:59  Zergling x2  
  68  9:05  Ravager  
  52  9:44  Roach x4  
  52  9:45  Zergling x2  
  61  9:46  Zergling x16  
  69  9:53  Metabolic Boost  
  51  10:51  Roach  
  51  10:52  Roach x12  
  51  10:53  Zergling x2  
  51  11:39  Zergling x2  
  51  11:40  Zergling x16  
Tags
 
Add a new tag
Caveats
  • Supply blocks, unpowered buildings, or Contaminate may cause inaccurate times.
  • Supply counts are checked every 10 seconds.